 Dungeon Crawl Stone Soup version 0.29-a0-419-g77450f2105 (webtiles) character file.

Game seed: 11479671790271990659

7 Bruhh the Chiller (level 2, 19/19 HPs)
             Began as a Gnoll Ice Elementalist on May 18, 2022.
             Quit the game on level 1 of the Dungeon.
             The game lasted 00:02:25 (200 turns).

Bruhh the Chiller (Gnoll Ice Elementalist)           Turns: 200, Time: 00:02:25

Health: 19/19      AC:  2    Str:  7    XL:     2   Next: 4%
Magic:  5/7        EV: 13    Int: 14    God:
Gold:   0          SH:  0    Dex: 12    Spells: 9/10 levels left

rFire   . . .      SeeInvis .   (no weapon)
rCold   . . .      Faith    .   (no shield)
rNeg    . . .      Spirit   .   a - +0 robe
rPois   .          Reflect  .   (no helmet)
rElec   .          Harm     .   (no cloak)
rCorr   .          Rampage  .   (no gloves)
Will    .....                   (no boots)
Stlth   ++........              (no amulet)
HPRegen 0.06/turn               (no ring)
MPRegen 0.10/turn               (no ring)

@: no status effects
A: fangs 1, strong nose, distributed training
a: no special abilities


You were on level 1 of the Dungeon.
You visited 1 branch of the dungeon, and saw 1 of its levels.

Inventory:

Armour
 a - a +0 robe (worn)
Jewellery
 e - a ring of resist corrosion
Scrolls
 c - a scroll of identify {unknown}
 d - a scroll of blinking {unknown}
 f - a scroll of poison {unknown}
Potions
 b - a potion of magic


   Skills:
 + Level 0.2 Fighting
 + Level 0.2 Short Blades
 + Level 0.2 Long Blades
 + Level 0.2 Axes
 + Level 0.2 Maces & Flails
 + Level 0.2 Polearms
 + Level 0.2 Staves
 + Level 0.2 Slings
 + Level 0.2 Bows
 + Level 0.2 Crossbows
 + Level 0.2 Throwing
 + Level 0.2 Armour
 + Level 4.4 Dodging
 + Level 4.0 Stealth
 + Level 0.2 Shields
 + Level 0.2 Unarmed Combat
 + Level 4.9 Spellcasting
 + Level 0.1 Conjurations
 + Level 0.1 Hexes
 + Level 0.1 Summonings
 + Level 0.1 Necromancy
 + Level 0.1 Translocations
 + Level 0.1 Transmutations
 + Level 0.1 Fire Magic
 + Level 7.0 Ice Magic
 + Level 0.1 Air Magic
 + Level 0.1 Earth Magic
 + Level 0.1 Poison Magic
 + Level 0.3 Invocations
 + Level 0.2 Evocations


You had 9 spell levels left.
You knew the following spells:

 Your Spells              Type           Power      Damage    Failure   Level
a - Freeze                Ice            92%        1d10      1%          1

Your spell library contained the following spells:

 Spells                   Type           Power      Damage    Failure   Level
 Frozen Ramparts          Ice            46%        1d6       3%          3
 Ozocubu's Armour         Ice            23%        N/A       3%          3
 Hailstorm                Conj/Ice       13%        3d5       36%         4
 Gell's Gravitas          Tloc           3%         N/A       45%         3
 Lesser Beckoning         Tloc           3%         N/A       45%         3
 Teleport Other           Tloc           3%         N/A       45%         3


Dungeon Overview and Level Annotations

Branches:
Dungeon (1/15)

Altars:


Innate Abilities, Weirdness & Mutations

You have very sharp teeth.
Your uncanny sense of smell can sniff out nearby items.
Your experience applies equally to all skills.


Message History

The kobold barely misses you.
You freeze the kobold!
You kill the kobold!
You can't see any susceptible monsters within range! (Use Z to cast anyway.)
You can't see any susceptible monsters within range! (Use Z to cast anyway.)
You can't see any susceptible monsters within range! (Use Z to cast anyway.) Unknown command.
There's nothing to open nearby.
There's nothing to open nearby.
There's nothing to open nearby.
There's nothing to open nearby.
There's nothing to open nearby.
There's nothing to open nearby.
There's nothing to open nearby.
There's nothing to open nearby.
There's nothing to open nearby.
There's nothing to open nearby.
There's nothing to open nearby.
There's nothing to open nearby.
There's nothing to open nearby.
There's nothing to open nearby.
Things that are here:
a +0 dagger; a kobold corpse Key pressed, stopping explore.
A kobold comes into view. It is wielding a +0 short sword.
A kobold is nearby!
A kobold is nearby!
A kobold is nearby!
A kobold is nearby!
You can't see any susceptible monsters within range! (Use Z to cast anyway.)
A kobold comes into view.
It is wielding a +0 dagger of protection.
You can't see any susceptible monsters within range! (Use Z to cast anyway.)
Found 12 gold pieces.
You freeze the kobold!
You kill the kobold!
You have reached level 2!
Unknown command.
Are you sure you want to abandon this character and quit the game? (Confirm with "yes".)
Okay, then.
Are you sure you want to abandon this character and quit the game? (Confirm with "yes".)

# # # .. # #. ##. K.∆ ###
.# #.$ ..#.# ..######### .
... ..#.## #.........#
#.#.###..... ###.####..#
#.#.##.....# #...# ##..#
#..).....# ###.##....#
#@#....# ##........#
#......# ##..##....##
###...## ##.........##
#...####.. ##.##.......#
#......... #..
#......#######...###...
#..##.....##..............[
#.....>............(.......
#.####.#####....)..........


There were no monsters in sight!

Vanquished Creatures
  A giant cockroach (D:1)
  A ball python (D:1)
  3 bats (D:1)
  2 kobolds (D:1)
  A rat (D:1)
8 creatures vanquished.

Notes
Turn   | Place    | Note
-------+----------+-------------------------------------------
     0 | D:1      | Bruhh the Gnoll Ice Elementalist began the quest for the
                  | Orb.
     0 | D:1      | Reached XP level 1. HP: 13/13 MP: 6/6
   200 | D:1      | Reached XP level 2. HP: 19/19 MP: 5/7
   200 | D:1      | Quit the game

Illustrated notes

Levels and vault maps discovered:
D:1:      dpeg_arrival_boxorama, layout_loops_cross, dreamdust_princess_bridge

Action                   || total
-------------------------++-------
Melee: Unarmed           ||     1
 Cast: Freeze            ||     9
Armor: Robe              ||     2
Dodge: Dodged            ||     4

Table legend: (Time is in decaauts)
 A = Elapsed time spent in this place.
 B = Non-inter-level travel time spent in this place.
 C = Inter-level travel time spent in this place.
 D = Time resting spent in this place.
 E = Time spent auto-exploring this place.
 F = Levels seen in this place.
 G = Mean time per level.
                   A        B        C        D        E       F      G
               +--------+--------+--------+--------+--------+-----+--------+
         Total |    200 |    200 |      0 |      0 |    152 |   1 |  200.0 |
       Dungeon |    200 |    200 |      0 |      0 |    152 |   1 |  200.0 |
               +--------+--------+--------+--------+--------+-----+--------+

Top non-repeatable levels by time:
     D:1: 200 daAuts
